 Dungeon Crawl Stone Soup version 0.20-a0-2-g2b0e13a (console) character file.

1808 brucemayne the Basher (level 9, -1/139 HPs)
             Began as an Ogre Berserker on Oct 28, 2016.
             Was a Believer of Trog.
             Slain by a killer bee (4 damage)
             ... on level 10 of the Dungeon.
             The game lasted 00:10:41 (1968 turns).

brucemayne the Basher (Ogre Berserker)              Turns: 1968, Time: 00:10:43

Health: -1/139     AC: 24    Str: 24    XL:     9   Next: 10%
Magic:  18/18      EV:  1    Int:  6    God:    Trog [**....]
Gold:   234        SH:  0    Dex: 12    Spells: 0 memorised, 8 levels left

rFire  . . .     SeeInvis .     H - +0 whip (elec)
rCold  . . .     Gourm    .     (armour currently unavailable)
rNeg   + + +     Faith    .     (no shield)
rPois  +         Spirit   .     (helmet currently unavailable)
rElec  .         Reflect  .     (cloak currently unavailable)
rCorr  .         Harm     .     (gloves unavailable)
MR     ++...     NoTele   +     (boots unavailable)
Stlth  +.........               (no amulet)
                                x - +2 ring of slaying
                                k - ring of magical power

@: tree-form, regenerating
A: unfitting armour, (talons 0), (tough skin 0)
a: Berserk, Trog's Hand, Burn Spellbooks, Renounce Religion


You were on level 10 of the Dungeon.
You worshipped Trog.
Trog was pleased with you.
You were not hungry.
You were a tree.
You visited 2 branches of the dungeon, and saw 11 of its levels.

You collected 234 gold pieces.

Inventory:

Hand Weapons
 a - a +0 mace
 i - a +4 dagger of venom
 v - a +1 flail
 H - a +0 whip of electrocution (weapon)
 I - a +0 blowgun
Missiles
 g - 6 tomahawks (quivered)
 u - 57 poisoned needles
Armour
 b - a +0 animal skin (melded)
 C - a +0 hat (melded)
Jewellery
 k - a ring of magical power (left branch)
 x - a +2 ring of slaying (right branch)
Wands
 o - a wand of disintegration (17/24)
 z - a wand of digging (17/24)
Scrolls
 d - a scroll of fog
 e - a scroll of blinking {unknown}
 f - a scroll of remove curse
 h - 2 scrolls of fear {unknown}
 j - 2 scrolls of recharging {unknown}
 l - 2 scrolls of noise {unknown}
 n - a scroll of enchant weapon
 p - 2 scrolls of magic mapping {unknown}
 r - a scroll of identify {unknown}
 A - a scroll of random uselessness {unknown}
 B - 2 scrolls of teleportation {unknown}
 E - a scroll of silence {unknown}
 J - a scroll of enchant armour {unknown}
Potions
 m - a potion of curing {unknown}
 q - a potion of cure mutation
 t - a potion of ambrosia {unknown}
 D - a potion of flight {unknown}
 K - a potion of brilliance {unknown}
Books
 y - a book of Minor Magic

   Spells                             Type                      Level
   a - Magic Dart                     Conjuration                  1
   b - Blink                          Translocation                2
   c - Call Imp                       Summoning                    2
   d - Repel Missiles                 Charms/Air                   2
   e - Slow                           Hexes                        2
   f - Conjure Flame                  Conjuration/Fire             3
   g - Mephitic Cloud                 Conjuration/Poison/Air       3
   Trog disapproves of the use of such an item.
Comestibles
 w - a meat ration
 F - a slice of pizza
 G - 2 chunks of flesh


   Skills:
 - Level 7.5 Fighting
 + Level 13.3 Maces & Flails
 + Level 3.1 Dodging


You had 8 spell levels left.
You didn't know any spells.

Dungeon Overview and Level Annotations

Branches:
Dungeon (10/15)            Temple (1/1) D:6
   Lair: D:8-11         Orc: D:9-12

Altars:
Ashenzari
Elyvilon
Fedhas
Gozag
Hepliaklqana
Kikubaaqudgha
Makhleb
Nemelex Xobeh
Okawaru
Sif Muna
Trog
Uskayaw
Xom
Yredelemnul
Zin
The Shining One

Annotations:
D:4 Sigmund
D:5 Duvessa


Innate Abilities, Weirdness & Mutations

You are too large for most types of armour.
((You have tough skin. (AC +1)))
((You have sharp toenails.))


Message History

* * * LOW HITPOINT WARNING * * *
The killer bee stings you!
* * * LOW HITPOINT WARNING * * *
The killer bee stings you!
* * * LOW HITPOINT WARNING * * *
It was a potion of cure mutation.
It has a very clean taste.
The killer bee barely misses you. x2
Okay, then.
It was a potion of beneficial mutation.
Your toenails lengthen and sharpen.
You feel fantastic! The killer bee stings you.
* * * LOW HITPOINT WARNING * * *
The killer bee closely misses you.
It was a potion of lignification.
You turn into a tree.
Your +0 hat melds into your body.
Your +0 animal skin melds into your body.
Your roots penetrate the ground.
The killer bee stings you but does no damage.
The killer bee stings you.
You die...

#..# #..## ##...##
###.....########
####..............#
#.....#..........#
.......#######......###
.y.y..# ##y....##
y....# ##♣....## .....
###....# ..#. ###<.# #
# ##.# #.# ###


You could see a killer bee.

Vanquished Creatures
  2 hippogriffs (D:7)
  A hungry ghost (D:9)
  A mottled dragon (D:9)
  Menkaure (D:5)
  2 black bears
  A phantom (D:9)
  A sky beast (D:5)
  A centaur (D:8)
  A big kobold (D:8)
  2 scorpions
  2 howler monkeys (D:9)
  2 jellies
  A bullfrog zombie (D:9)
  A hound (D:9)
  An orc priest (D:8)
  4 orc wizards
  Ijyb (D:3)
  A worker ant (D:9)
  A worker ant zombie (D:8)
  3 adders
  A shadow imp (D:8)
  2 leopard geckos
  11 orcs
  A ball python (D:2)
  A bat (D:2)
  2 hobgoblins (D:2)
  5 kobolds
  A quokka (D:9)
  2 frilled lizards (D:2)
  A leopard gecko zombie (D:7)
57 creatures vanquished.

Notes
Turn   | Place    | Note
-------+----------+-------------------------------------------
     0 | D:1      | brucemayne the Ogre Berserker began the quest for the Orb.
     0 | D:1      | Reached XP level 1. HP: 24/24 MP: 1/1
   108 | D:2      | Reached XP level 2. HP: 22/32 MP: 2/2
   115 | D:3      | Noticed Ijyb
   125 | D:3      | Killed Ijyb
   125 | D:3      | Reached skill level 5 in Maces & Flails
   125 | D:3      | Reached XP level 3. HP: 23/39 MP: 3/3
   316 | D:3      | Reached skill level 6 in Maces & Flails
   316 | D:3      | Reached XP level 4. HP: 29/48 MP: 4/4
   375 | D:4      | Noticed Sigmund
   378 | D:5      | Entered Level 5 of the Dungeon
   421 | D:5      | Noticed Menkaure
   431 | D:5      | Killed Menkaure
   431 | D:5      | Reached skill level 8 in Maces & Flails
   431 | D:5      | Reached XP level 5. HP: 22/54 MP: 5/5
   585 | D:5      | Noticed a sky beast
   600 | D:5      | Killed a sky beast
   600 | D:5      | Reached skill level 9 in Maces & Flails
   600 | D:5      | Reached XP level 6. HP: 17/62 MP: 6/6
   644 | D:5      | Noticed Duvessa
   718 | D:6      | Found a staircase to the Ecumenical Temple.
   727 | Temple   | Entered the Ecumenical Temple
   851 | D:7      | Noticed a hippogriff
   863 | D:7      | Killed a hippogriff
   863 | D:7      | Reached skill level 10 in Maces & Flails
   863 | D:7      | Reached XP level 7. HP: 43/70 MP: 7/7
   917 | D:7      | Noticed a hippogriff
   938 | D:7      | Killed a hippogriff
   938 | D:7      | Reached skill level 11 in Maces & Flails
  1057 | D:6      | Reached XP level 8. HP: 20/78 MP: 8/8
  1107 | D:8      | Reached skill level 12 in Maces & Flails
  1168 | D:8      | Found a faded altar of an unknown god.
  1168 | D:8      | Found a faded altar of an unknown god.
  1175 | D:8      | Found a basalt altar of Yredelemnul.
  1178 | D:8      | Found a glowing silver altar of Zin.
  1179 | D:8      | Found a bloodstained altar of Trog.
  1275 | D:8      | Found a white marble altar of Elyvilon.
  1365 | D:9      | Reached skill level 5 in Fighting
  1668 | D:9      | Reached ** piety under Trog
  1722 | D:8      | Reached skill level 13 in Maces & Flails
  1727 | D:8      | Reached XP level 9. HP: 74/93 MP: 9/9
  1877 | D:10     | Entered Level 10 of the Dungeon
  1877 | D:10     | Noticed a troll
  1967 | D:10     | Gained mutation: You have sharp toenails. [potion of beneficial mutation]
  1967 | D:10     | HP: 1/93 [killer bee (6)]
  1968 | D:10     | Slain by a killer bee

Vault maps used:
D:1:      dpeg_arrival_renting
D:2:      grunt_gozag_statues
D:3:      cheibriados_altar_1, uniq_grinder, uniq_iyjb
D:4:      trog_three_pillars_becter, uniq_sigmund
D:5:      first_bread, uniq_menkaure, uniq_duvessa
D:6:      kennysheep_mini_moat
D:7:      lemuel_doored_altar, uniq_joseph
D:8:      grunt_qazlal_clouds, old_standard_altar,
          chequers_temple_overflow_minitemple
D:10:     hangedman_pestilent_swarm
Temple:   dshaligram_water_room_temple

Skill      XL: |  1  2  3  4  5  6  7  8  9 |
---------------+----------------------------+-----
Maces & Flails | 5 6 8 9 10 11 13 | 13.3
Fighting       | 7 |  7.5
Dodging        | 3 |  3.1

Action                   |  1- 3 |  4- 6 |  7- 9 || total
-------------------------+-------+-------+-------++-------
Melee: Mace              |    48 |    20 |       ||    68
       Flail             |       |    13 |   119 ||   132
       Whip              |       |       |    25 ||    25
Invok: Berserk           |     3 |     3 |     6 ||    12
       Trog's Hand       |       |       |     2 ||     2
  Use: Scroll            |       |       |     3 ||     3
       Potion            |       |       |     3 ||     3
  Eat: Chunk             |       |     4 |     4 ||     8
       Bread ration      |       |       |     1 ||     1
       Fruit             |       |       |     4 ||     4
       Beef jerky        |       |       |     1 ||     1
Armor: Animal skin       |    23 |     4 |    15 ||    42
       Skin              |       |       |     1 ||     1
Dodge: Dodged            |    24 |     9 |    67 ||   100
